 Dungeon Crawl Stone Soup version 0.28-a0-1406-ga8dd43b1d0 (webtiles) character file.

Game seed: 13476611368910812819

2363 MacCMillion the Zephyrmancer (level 9, -19/52 HPs)
             Began as a Deep Elf Air Elementalist on Jan 6, 2022.
             Was a Believer of Vehumet.
             Demolished by an ogre (28 damage)
             ... on level 6 of the Dungeon.
             The game lasted 00:19:23 (5655 turns).

MacCMillion the Zephyrmancer (DEAE)                 Turns: 5655, Time: 00:19:23

Health: -19/52     AC:  5    Str:  7    XL:     9   Next: 21%
Magic:  16/20      EV: 11    Int: 25    God:    Vehumet [**....]
Gold:   399        SH:  0    Dex: 12    Spells: 6/20 levels left

rFire   . . .      SeeInvis .   r - +0 whip (flame)
rCold   . . .      Faith    .   (no shield)
rNeg    . . .      Spirit   .   u - +1 leather armour of Submission {Regen+ Int+2 Dex-3 Stlth+}
rPois   .          Reflect  .   (no helmet)
rElec   .          Harm     .   (no cloak)
rCorr   .          Rampage  .   (no gloves)
Will    .....                   o - +0 pair of boots
Stlth   +++.......              d - amulet of regeneration
HPRegen 1.77/turn               (no ring)
MPRegen 0.17/turn               (no ring)

@: lethally poisoned (-19 -> -22), slowed, very slow
A: no striking features
a: Renounce Religion


You were on level 6 of the Dungeon.
You worshipped Vehumet.
Vehumet was pleased with you.
You visited 1 branch of the dungeon, and saw 6 of its levels.
You also visited: Sewer.

You collected 399 gold pieces.

Inventory:

Hand Weapons
 g - a +0 dagger
 r - a +0 whip of flaming (weapon)
 z - a +4 falchion
Armour
 a - a +0 robe
 o - a +0 pair of boots (worn)
 u - the +1 leather armour of Submission (worn) {Regen+ Int+2 Dex-3 Stlth+}
   (You found it in a sewer)

   Int:       It affects your intelligence (+2).
   Dex:       It affects your dexterity (-3).
   Regen:     It increases your rate of health regeneration.
   Stlth:     It makes you more stealthy.
Magical Staves
 l - a staff of poison
Jewellery
 d - an amulet of regeneration (around neck)
 k - an amulet of faith
 y - a ring of resist corrosion
Wands
 w - a wand of acid (9)
 x - a wand of flame (14)
Scrolls
 b - a scroll of noise {unknown}
 c - 6 scrolls of identify {unknown}
 e - a scroll of immolation {unknown}
 n - 2 scrolls of teleportation {unknown}
 q - a scroll of holy word {unknown}
Potions
 f - a potion of mutation {unknown}
 h - a potion of resistance {unknown}
 i - 3 potions of curing
 j - a potion of might {unknown}
 m - a potion of degeneration {unknown}
 p - a potion of lignification {unknown}
 s - a potion of attraction {unknown}
 t - a potion of berserk rage
 v - a potion of haste {unknown}


   Skills:
 + Level 4.5 Fighting
 - Level 2.4 Dodging
 - Level 2.4 Stealth
 - Level 6.0 Spellcasting
 + Level 3.6 Conjurations
 + Level 1.8 Fire Magic
 - Level 10.0 Air Magic


You had 6 spell levels left.
You knew the following spells:

 Your Spells              Type           Power      Damage    Failure   Level
a - Shock                 Conj/Air       100%       1d9       1%          1
b - Static Discharge      Conj/Air       41%        N/A       1%          2
c - Airstrike             Air            27%        N/A       1%          4
d - Swiftness             Air            55%        N/A       1%          3
e - Flame Wave            Conj/Fire      21%        2d6       34%         4

Your spell library contained the following spells:

 Spells                   Type           Power      Damage    Failure   Level
 Poisonous Vapours        Pois/Air       64%        N/A       2%          2
 Foxfire                  Conj/Fire      84%        2x1d8     3%          1
 Conjure Flame            Conj/Fire      21%        6-21      11%         3
 Inner Flame              Hex/Fire       12%        N/A       22%         3
 Call Canine Familiar     Summ           7%         N/A       32%         3
 Portal Projectile        Hex/Tloc       14%        N/A       32%         3
 Leda's Liquefaction      Hex/Erth       3%         N/A       73%         4
 Irradiate                Conj/Tmut      8%         3d16      82%         5
 Statue Form              Tmut/Erth      4%         N/A       100%        6


Dungeon Overview and Level Annotations

Branches:
Dungeon (6/15)              Sewer (visited)
 Temple: D:4-7

Altars:
Fedhas
Vehumet
The Shining One

Shops:
D:5 (


Message History

Unknown command.
You feel sick. The orc wizard misses you. The scorpion misses you.
The orc wizard hits you with a +0 dagger.
The ogre hits you with a +0 giant spiked club.
You're too confused to move!
You feel sick.
A killer bee comes into view.
The scorpion barely misses you.
The ogre hits you with a +0 giant spiked club!
The scorpion stings you.
Unknown command.
You're too confused to move!
You feel less confused.
You feel sick.
The killer bee buzzes angrily.
The orc wizard hits you with a +0 dagger.
The scorpion stings you. Something hits you but does no damage.
The ogre barely misses you.
The orc wizard hits you but does no damage.
The scorpion stings you but does no damage.
You feel sick.
You are no longer poisoned.
Something hits you but does no damage. The scorpion stings you.
The ogre closely misses you.
The orc wizard hits you but does no damage.
The killer bee stings you but does no damage.
The scorpion stings you.
You are poisoned.
The scorpion poisons you! The killer bee closely misses you.
You feel very sick. The killer bee closely misses you.
The killer bee stings you!
* * * LOW HITPOINT WARNING * * *
The orc wizard gestures wildly while chanting.
The orc wizard flickers and vanishes!
The scorpion closely misses you. The killer bee stings you.
* * * LOW HITPOINT WARNING * * *
You are more poisoned.
The killer bee poisons you!
The ogre hits you with a +0 giant spiked club!!
Ouch! That really hurt!
You die...

.......## ....######.....#.
##....#.# .................
#.......# ##.............
#.......# #...<......<..
........# #...........#.
...<....############...........#.
..........................##.....
..................##.............
....(..........O@.....†.)..).....
...............ys..##...##(....#.
................{..#8...8#.....##
....##.h.......{...##...##.....##
.#.###.##.........###...##.....#
#..#...............##...###....##
.?......####.#######8...8##....<.
.)......# #.# ##...##......#
......#..# #.# ########


You could see an ogre, a scorpion and a killer bee.

Vanquished Creatures
  Pikel (D:4)
  Grinder (D:5)
  Edmund (D:5)
  A water moccasin (Sewer)
  4 ice beasts
  An ogre (D:5)
  A kobold brigand (D:6)
  5 scorpions
  2 centaur zombies
  2 jellies
  3 hounds
  3 iguanas
  6 orc wizards
  2 hound skeletons (D:4)
  11 adders
  2 white imps (D:6)
  2 adder skeletons
  3 worms
  A dart slug (D:1)
  7 orcs
  5 ball pythons
  6 endoplasms
  8 giant cockroaches
  13 goblins
  6 hobgoblins
  4 jackals (D:2)
  4 kobolds
  A quokka (D:1)
  16 bats
  3 frilled lizards
  11 rats
136 creatures vanquished.

Vanquished Creatures (others)
  A bullfrog (D:6)
  17 plants (D:4)
18 creatures vanquished.

Grand Total: 154 creatures vanquished

Notes
Turn   | Place    | Note
-------+----------+-------------------------------------------
     0 | D:1      | MacCMillion the Deep Elf Air Elementalist began the quest
                  | for the Orb.
     0 | D:1      | Reached XP level 1. HP: 10/10 MP: 6/6
   246 | D:1      | Reached XP level 2. HP: 15/15 MP: 2/8
   496 | D:1      | Got Sif Muna's Catalogue of Hurtful Moulding
   883 | D:1      | Reached XP level 3. HP: 19/19 MP: 6/9
  1026 | D:1      | Learned a level 2 spell: Static Discharge
  1457 | D:2      | Found a radiant altar of Vehumet.
  1491 | D:2      | Became a worshipper of Vehumet
  1538 | D:2      | Reached skill level 4 in Air Magic
  1538 | D:2      | Reached XP level 4. HP: 24/24 MP: 7/10
  2474 | D:3      | Noticed a scorpion
  2485 | D:3      | Killed a scorpion
  2486 | D:3      | Reached skill level 5 in Air Magic
  2486 | D:3      | Reached XP level 5. HP: 11/28 MP: 4/11
  2491 | D:3      | Learned a level 4 spell: Airstrike
  2592 | D:3      | Reached * piety under Vehumet
  2592 | D:3      | Offered knowledge of Freeze by Vehumet.
  2626 | D:3      | Found a glowing golden altar of the Shining One.
  2705 | D:3      | Reached skill level 1 in Fighting
  2861 | D:3      | You fall into a shaft and drop 1 floor!
  2944 | D:4      | Reached XP level 6. HP: 34/34 MP: 10/14
  3185 | D:4      | Found a blossoming altar of Fedhas.
  3221 | D:4      | Noticed Pikel
  3236 | D:4      | Killed Pikel
  3237 | D:4      | Reached skill level 7 in Air Magic
  3237 | D:4      | Reached XP level 7. HP: 19/41 MP: 7/15
  3427 | D:4      | Found a glowing drain.
  3439 | D:4      | Reached skill level 8 in Air Magic
  3462 | Sewer    | Entered a sewer
  3541 | Sewer    | Offered knowledge of Poisonous Vapours by Vehumet.
  3668 | Sewer    | Reached ** piety under Vehumet
  3669 | Sewer    | Reached XP level 8. HP: 43/46 MP: 7/16
  3740 | Sewer    | Identified the +1 leather armour of Submission {Regen+
                  | Int+2 Dex-3 Stlth+}
  4154 | D:5      | Entered Level 5 of the Dungeon
  4154 | D:5      | Found Pumy's Antique Weapon Shoppe.
  4199 | D:5      | Reached skill level 9 in Air Magic
  4278 | D:5      | Noticed Edmund
  4289 | D:5      | Killed Edmund
  4756 | D:5      | Noticed Grinder
  4759 | D:5      | Paralysed by Grinder for 6 turns
  4766 | D:5      | Killed Grinder
  4767 | D:5      | Reached skill level 5 in Spellcasting
  5059 | D:5      | Learned a level 3 spell: Swiftness
  5078 | D:6      | Reached skill level 10 in Air Magic
  5142 | D:6      | Reached XP level 9. HP: 52/52 MP: 7/19
  5258 | D:6      | Learned a level 4 spell: Flame Wave
  5520 | D:6      | Reached skill level 1 in Fire Magic
  5655 | D:6      | Demolished by an ogre

Illustrated notes

Levels and vault maps discovered:
D:1:      lordsloth_arrival_two_stooges, layout_basic, minmay_misc_feat_x,
          minmay_small_reverse_x
D:2:      cheibrodos_greedy_goblins, layout_basic, basic_altar
D:3:      layout_rooms, nemelex_spade_bored_becter,
          mainiacjoe_overflow_chevrons, nicolae_hepliaklqana_hippocampus
D:4:      cheibrodos_old_hovel, layout_loops_ring,
          mainiacjoe_overflow_cross_hatched, gup_sewer_entry_glass, uniq_pikel
D:5:      layout_rooms, serial_shops, nicolae_stop_n_shop_2, uniq_grinder,
          uniq_edmund
D:6:      lemuel_insect_pit, layout_rooms, xom_confusion_cloud,
          tgw_kikubaaqudgha, mainiacjoe_overflow_alcove_2,
          minmay_temple_entry_offerings, serial_corexii_hall,
          chequers_hall_statues_y, corexii_hall_statues_x,
          corexii_hall_statues_i, nrook_uturn, uniq_blork_the_orc

Skill      XL: |  1  2  3  4  5  6  7  8  9 |
---------------+----------------------------+-----
Conjurations   | 2 3 |  3.6
Air Magic      | 4 5 7 8 10 | 10.0
Fighting       | 1 3 4 |  4.5
Spellcasting   | 4 5 6 |  6.0
Fire Magic     | 1 |  1.8
Dodging        | |  2.4
Stealth        | |  2.4

Action                   |  1- 3 |  4- 6 |  7- 9 || total
-------------------------+-------+-------+-------++-------
Melee: Dagger            |       |     1 |       ||     1
       Whip              |       |       |     7 ||     7
 Cast: Shock             |    89 |    86 |   116 ||   291
       Static Discharge  |     3 |     6 |    23 ||    32
       Airstrike         |       |       |     7 ||     7
       Swiftness         |       |       |     2 ||     2
  Use: Potion            |       |       |     1 ||     1
Armor: Robe              |     4 |     3 |     4 ||    11
       Leather armour    |       |       |    28 ||    28
Dodge: Dodged            |     9 |    14 |    45 ||    68

Table legend: (Time is in decaauts)
 A = Elapsed time spent in this place.
 B = Non-inter-level travel time spent in this place.
 C = Inter-level travel time spent in this place.
 D = Time resting spent in this place.
 E = Time spent auto-exploring this place.
 F = Levels seen in this place.
 G = Mean time per level.
                   A        B        C        D        E       F      G
               +--------+--------+--------+--------+--------+-----+--------+
         Total |   5681 |   5543 |    138 |    634 |   3889 |   7 |  811.6 |
       Dungeon |   5364 |   5226 |    138 |    410 |   3885 |   6 |  894.0 |
         Sewer |    316 |    316 |      0 |    224 |      4 |   1 |  316.0 |
               +--------+--------+--------+--------+--------+-----+--------+

Top non-repeatable levels by time:
     D:2: 1378 daAuts
     D:1: 1077 daAuts
     D:5: 981 daAuts
     D:4: 978 daAuts
     D:6: 541 daAuts
     D:3: 407 daAuts
   Sewer: 316 daAuts
